 Dungeon Crawl Stone Soup version 0.22-a0-305-gd21a89c (webtiles) character file.

1393 zero the Covert (level 8, -1/40 HPs)
             Began as a Spriggan Enchanter on Mar 30, 2018.
             Was a Believer of Vehumet.
             Slain by a two-headed ogre
             ... wielding a +0 giant spiked club
              (32 damage)
             ... on level 8 of the Dungeon.
             The game lasted 00:13:35 (8003 turns).

zero the Covert (Spriggan Enchanter)                Turns: 8003, Time: 00:13:36

Health: -1/40      AC:  4    Str:  4    XL:     8   Next: 41%
Magic:  9/13       EV: 23    Int: 16    God:    Vehumet [**....]
Gold:   313        SH:  0    Dex: 19    Spells: 7/13 levels left

rFire    . . .     SeeInvis +   w - +2 dagger (elec)
rCold    . . .     Gourm    .   (shield restricted)
rNeg     . . .     Faith    .   b - +1 robe
rPois    .         Spirit   .   (helmet restricted)
rElec    .         Reflect  .   u - +0 cloak
rCorr    +         Harm     .   (gloves unavailable)
MR       +....                  (boots unavailable)
Stlth    +++++.....             (no amulet)
HPRegen  0.13/turn              c - ring of resist corrosion
MPRegen  0.13/turn              h - ring of stealth

@: very quick
A: very small, unfitting armour, see invisible, herbivore, speed 3, slow
metabolism 2
a: Renounce Religion


You were on level 8 of the Dungeon.
You worshipped Vehumet.
Vehumet was pleased with you.
You were not hungry.

You visited 2 branches of the dungeon, and saw 10 of its levels.

You collected 313 gold pieces.

Inventory:

Hand Weapons
 a - a +1 dagger
 w - a +2 dagger of electrocution (weapon)
Missiles
 p - 32 poisoned needles
Armour
 b - a +1 robe (worn)
 u - a +0 cloak (worn)
Jewellery
 c - a ring of resist corrosion (left hand)
 h - a ring of stealth (right hand)
Wands
 n - a wand of digging (30)
Scrolls
 f - a scroll of remove curse {unknown}
 g - 4 scrolls of enchant armour
 q - a scroll of fog
 v - 3 scrolls of teleportation
Potions
 e - 3 potions of brilliance
 i - 2 potions of flight
 j - 2 potions of curing
 k - a potion of ambrosia {unknown}
 l - 4 potions of mutation
 m - 4 potions of might {unknown}
 o - a potion of magic {unknown}
 r - a potion of lignification {unknown}
 s - a potion of agility {unknown}
Comestibles
 d - 2 rations


   Skills:
 - Level 3.2 Fighting
 - Level 4.0 Short Blades
 + Level 7.1 Dodging
 - Level 8.3 Stealth
 - Level 3.0 Spellcasting
 - Level 8.0 Hexes


You had 7 spell levels left.
You knew the following spells:

 Your Spells              Type           Power        Failure   Level  Hunger
a - Corona                Hex            ####...      1%          1    #......
b - Ensorcelled Hibernat  Hex/Ice        ###...       5%          2    ##.....
c - Confuse               Hex            ####....     1%          3    ###....


Dungeon Overview and Level Annotations

Branches:
Dungeon (9/15)             Temple (1/1) D:5
   Lair: D:8-11         Orc: D:9-12

Altars:
Ashenzari
Cheibriados
Elyvilon
Fedhas
Gozag
Kikubaaqudgha
Makhleb
Nemelex Xobeh
Okawaru
Qazlal
Ru
Sif Muna
Trog
Vehumet
Xom
Yredelemnul
Zin
The Shining One


Innate Abilities, Weirdness & Mutations

You are very small and have problems with some larger weapons.
You are too small for most types of armour.
You have supernaturally acute eyesight. (SInv)
You are a herbivore.
You cover ground extremely quickly.
You need to consume almost no food.


Message History

You climb upwards.
A two-headed ogre and a phantom come into view.
There is a stone staircase leading down here.
The two-headed ogre hits you with a giant spiked club!
The two-headed ogre completely misses you.
Casting: Confuse (safe; 1% risk of failure)
Confirm with . or Enter, or press ? or * to list all spells.
Aiming: Ensorcelled Hibernation (safe; 5% risk of failure)
Press: ? - help, Shift-Dir - straight line, f - two-headed ogre
Aim: a two-headed ogre, wielding two giant spiked clubs (chance to defeat MR: 28%)
The two-headed ogre easily resists.
Casting: Ensorcelled Hibernation (safe; 5% risk of failure)
Confirm with . or Enter, or press ? or * to list all spells.
Aiming: Ensorcelled Hibernation (safe; 5% risk of failure)
Press: ? - help, Shift-Dir - straight line, f/p - two-headed ogre
Aim: a two-headed ogre, wielding two giant spiked clubs (chance to defeat MR: 28%)
The two-headed ogre easily resists.
The two-headed ogre hits you with a giant spiked club!!
Ouch! That really hurt!
You die...

.. .... ..... ....
..... .....
##..... .....
....... ....
.......
...#########+##
......
######............
..###
......O@..........
..#
.......#..>.......
..+
.......#..........
>.#
.......#######....
### ....... W..
..##... . . #...
....


You could see a two-headed ogre.

Vanquished Creatures
  A hippogriff (D:7)
  Eustachio (D:5)
  2 sky beasts
  An ogre (D:5)
  A bullfrog (D:6)
  A scorpion (D:5)
  A howler monkey (D:6)
  3 crimson imps
  An orc wizard (D:6)
  Crazy Yiuf (D:5)
  A hound (D:7)
  A jelly (D:6)
  A bullfrog skeleton (D:5)
  Terence (D:3)
  2 iguanas
  4 worker ants
  A hound zombie (D:6)
  A worker ant zombie (D:6)
  A gnoll (D:4)
  5 adders
  A river rat (D:4)
  3 shadow imps (D:6)
  3 oozes
  An adder skeleton (D:4)
  A worm (D:2)
  A dart slug (D:2)
  8 leopard geckos
  12 orcs
  11 bats
  6 giant cockroaches
  11 goblins
  9 hobgoblins
  10 jackals
  5 quokkas
  12 ball pythons
  6 frilled lizards
  10 kobolds
  20 rats
161 creatures vanquished.

Notes
Turn   | Place    | Note
-------+----------+-------------------------------------------
     0 | D:1      | zero the Spriggan Enchanter began the quest for the Orb.
     0 | D:1      | Reached XP level 1. HP: 9/9 MP: 5/5
   360 | D:1      | Reached XP level 2. HP: 5/13 MP: 6/6
   556 | D:1      | Learned a level 2 spell: Ensorcelled Hibernation
  1356 | D:3      | Noticed Terence
  1357 | D:3      | Found a blossoming altar of Fedhas.
  1370 | D:3      | Reached XP level 3. HP: 11/16 MP: 0/8
  1427 | D:3      | Killed Terence
  1427 | D:3      | Reached skill level 5 in Stealth
  1639 | D:3      | Reached XP level 4. HP: 17/21 MP: 9/9
  1924 | D:4      | Learned a level 3 spell: Confuse
  2129 | D:5      | Entered Level 5 of the Dungeon
  2164 | D:5      | Reached XP level 5. HP: 24/24 MP: 10/10
  2470 | D:3      | Found a snail-covered altar of Cheibriados.
  2470 | D:3      | Found a sparkling altar of Nemelex Xobeh.
  2638 | D:3      | Found an iron altar of Okawaru.
  3480 | D:5      | Noticed a sky beast
  3481 | D:5      | Killed a sky beast
  3481 | D:5      | Reached XP level 6. HP: 28/28 MP: 11/11
  3502 | D:5      | Reached skill level 5 in Hexes
  3671 | D:5      | Noticed Eustachio
  3692 | D:5      | Killed Eustachio
  3692 | D:5      | Reached XP level 7. HP: 32/32 MP: 9/12
  3760 | D:5      | Found a runed door.
  3809 | D:5      | Found a staircase to the Ecumenical Temple.
  3840 | Temple   | Entered the Ecumenical Temple
  3906 | Temple   | Became a worshipper of Vehumet
  4265 | D:6      | Found a glowing golden altar of the Shining One.
  4265 | D:6      | Found a glowing silver altar of Zin.
  4265 | D:6      | Found a white marble altar of Elyvilon.
  4522 | D:6      | Found an ancient bone altar of Kikubaaqudgha.
  4778 | D:6      | Reached skill level 1 in Fighting
  5228 | D:6      | Reached XP level 8. HP: 39/39 MP: 13/13
  5315 | D:5      | Found a stormy altar of Qazlal.
  5340 | D:5      | Reached skill level 5 in Dodging
  5631 | D:5      | Noticed Crazy Yiuf
  5635 | D:5      | Killed Crazy Yiuf
  5705 | D:3      | Found a stormy altar of Qazlal.
  5969 | D:3      | Reached * piety under Vehumet
  5969 | D:3      | Offered knowledge of Sandblast by Vehumet.
  7430 | D:1      | Reached ** piety under Vehumet
  7528 | D:1      | Offered knowledge of Flame Tongue by Vehumet.
  7959 | D:7      | Noticed a hippogriff
  7968 | D:7      | Killed a hippogriff
  7998 | D:8      | Noticed a two-headed ogre
  8003 | D:8      | Slain by a two-headed ogre

Vault maps used:
D:1:      dpeg_arrival_radiant, serial_park_tiny_pond
D:2:      first_ration, minmay_shallow_snake_nest
D:3:      grunt_temple_overflow_forces_of_nature, okawaru_metal_pillars_1_2,
          chequers_temple_overflow_statue_of_worship, uniq_terence
D:4:      portal_sewer_entry_b, minmay_vboxes
D:5:      minmay_temple_entry_hall, nicolae_qazlal_eye_of_the_storm,
          uniq_crazy_yiuf_cottage, uniq_eustachio
D:6:      good_gods_mini_temple, kiku_gazebo_garden_becter
D:7:      nicolae_dithmenos_the_darkroom
D:9:      grunt_temple_overflow_diamond, serial_shops, shop
Temple:   dpeg_three_leaves_temple

Skill      XL: |  1  2  3  4  5  6  7  8 |
---------------+-------------------------+-----
Short Blades   | 2 3 4 |  4.0
Stealth        | 5 6 8 |  8.3
Spellcasting   | 3 |  3.0
Hexes          | 4 6 8 |  8.0
Fighting       | 2 3 |  3.2
Dodging        | 4 7 |  7.1

Action                   |  1- 3 |  4- 6 |  7- 9 || total
-------------------------+-------+-------+-------++-------
Melee: Dagger            |   124 |   152 |   248 ||   524
 Cast: Corona            |     8 |       |       ||     8
       Ensorcelled Hiber |    12 |    12 |    26 ||    50
       Confuse           |       |     1 |     5 ||     6
  Use: Scroll            |       |     6 |     5 ||    11
 Stab: Sleeping          |    11 |    21 |    45 ||    77
       Distracted        |       |     1 |     1 ||     2
       Confused          |       |     1 |     2 ||     3
  Eat: Ration            |       |     2 |     3 ||     5
Armor: Robe              |    14 |    23 |    23 ||    60
Dodge: Dodged            |   131 |   151 |   226 ||   508

Table legend:
 A = Spawn XP
 B = Non-spawn XP
 C = Spawn XP percentage of total XP
 D = Spawn monster count
 E = Non-spawn monster count
 F = Spawn count percentage of total count
 G = Total turns spent on level
                    A         B        C        D         E        F      G
               +---------+---------+-------+---------+---------+-------+---------
         Total |       0 |    1991 |   0.0 |       0 |     161 |   0.0 |  8003
               +---------+---------+-------+---------+---------+-------+---------
           D:1 |       0 |      47 |   0.0 |       0 |      34 |   0.0 |  1184
           D:2 |       0 |     110 |   0.0 |       0 |      43 |   0.0 |  1513
           D:3 |       0 |      97 |   0.0 |       0 |      30 |   0.0 |  1562
           D:4 |       0 |     183 |   0.0 |       0 |      20 |   0.0 |  1310
           D:5 |       0 |     630 |   0.0 |       0 |      11 |   0.0 |  1356
           D:6 |       0 |     568 |   0.0 |       0 |      18 |   0.0 |   878
           D:7 |       0 |     321 |   0.0 |       0 |       4 |   0.0 |   105
           D:8 |       0 |      35 |   0.0 |       0 |       1 |   0.0 |    13
               +---------+---------+-------+---------+---------+-------+---------
